Map: Oxide LE

Players

DPGDark (Dark) - Winner!

  • Race: Zerg Zerg
  • League: Master

DPGZest (Zest)

  • Race: Protoss Protoss

Event: ASUS ROG Fall 2021

VOD

Have the link to the VOD?

Description

Time

  • Played on: Sept. 19, 2021, 7:03 a.m.
  • Length: 8:47

All games in this series

Show
View Real Time Build Order
Export as new Build Order

DPGDark Zerg - Winner!

Build Orders: Hatch First 

Get SALT Encoding   

  12  0:00  Drone  
  13  0:11  Overlord  
  13  0:17  Drone  
  14  0:30  Drone x2  
  16  0:37  Drone  
  17  0:49  Drone  
  18  0:55  Hatchery  
  17  0:58  Drone  
  17  1:03  Extractor  
  17  1:13  Spawning Pool  
  17  1:16  Drone  
  17  1:18  Drone  
  18  1:30  Drone  
  19  1:40  Drone  
  20  1:49  Hatchery  
  19  1:55  Drone  
  20  2:05  Metabolic Boost  
  20  2:08  Queen  
  22  2:12  Drone  
  23  2:17  Drone  
  23  2:19  Drone  
  25  2:24  Overlord  
  25  2:30  Drone  
  25  2:32  Drone  
  25  2:36  Drone  
  28  2:42  Queen  
  30  2:44  Zergling x2  
  30  2:50  Queen  
  33  2:55  Drone x2  
  33  2:57  Drone  
  36  3:04  Queen  
  38  3:09  Drone x2  
  40  3:13  Overlord  
  40  3:15  Drone  
  40  3:17  Drone  
  42  3:30  Queen  
  42  3:31  Drone  
  42  3:32  Drone  
  42  3:33  Drone x3  
  49  3:38  Evolution Chamber, Overlord  
  49  3:40  Overlord  
  48  3:47  Spore Crawler  
  47  3:50  Spore Crawler  
  47  3:52  Overlord  
  46  3:57  Drone  
  46  3:58  Drone x4  
  46  3:59  Drone  
  46  4:00  Drone  
  46  4:02  Drone  
  54  4:03  Drone  
  54  4:05  Drone  
  56  4:12  Drone x3  
  56  4:16  Zerg Melee Weapons Level 1  
  59  4:18  Extractor  
  57  4:26  Drone x3  
  57  4:27  Drone  
  57  4:30  Baneling Nest, Overlord  
  57  4:31  Drone x3  
  62  4:33  Zergling x4  
  65  4:39  Overlord  
  65  4:40  Overlord  
  65  4:43  Overlord  
  65  4:48  Queen  
  65  4:49  Zergling x6  
  65  4:50  Queen  
  65  4:52  Zergling x2  
  73  4:58  Zergling x2  
  73  4:59  Zergling x6  
  77  5:01  Spine Crawler  
  77  5:03  Zergling x8  
  80  5:11  Zergling x6  
  80  5:13  Baneling x8  
  83  5:16  Zergling x6  
  83  5:19  Zergling x2  
  87  5:22  Zergling x2  
  87  5:23  Zergling x2  
  87  5:28  Zergling x2  
  87  5:29  Zergling x4  
  87  5:33  Zergling x4, Queen x2  
  88  5:36  Zergling x2  
  88  5:37  Zergling x6  
  92  5:43  Overlord  
  92  5:50  Hatchery  
  91  5:58  Zergling x6  
  91  5:59  Zergling x4  
  96  6:05  Baneling x2  
  96  6:06  Baneling x7  
  96  6:07  Zergling x10  
  96  6:09  Baneling  
  101  6:12  Zergling x2  
  101  6:14  Zergling x4  
  101  6:15  Zergling x2  
  104  6:20  Baneling x2  
  104  6:23  Drone  
  104  6:24  Overlord  
  105  6:29  Overlord  
  104  6:35  Queen  
  104  6:36  Queen  
  104  6:38  Zergling x2, Baneling x4  
  105  6:42  Roach Warren, Overlord  
  102  6:48  Drone x5  
  102  6:52  Zergling x2  
  92  7:01  Drone  
  92  7:02  Drone x2  
  92  7:06  Lair  
  94  7:09  Extractor x4  
  94  7:10  Drone x2  
  94  7:11  Drone  
  94  7:12  Hatchery, Drone x3  
  95  7:16  Drone  
  95  7:17  Drone x3  
  95  7:22  Roach x2  
  103  7:25  Roach  
  103  7:26  Roach  
  103  7:28  Baneling  
  103  7:29  Zergling x2  
  107  7:34  Roach  
  107  7:35  Roach x2  
  113  7:41  Zergling x6  
  113  7:44  Ravager  
  117  7:48  Ravager  
  117  7:49  Zergling x14  
  124  7:53  Baneling x4  
  124  7:54  Zergling x4  
  126  8:01  Drone x3  
  126  8:02  Drone  
  130  8:09  Drone x2  
  130  8:10  Drone x3  
  135  8:13  Overlord  
  135  8:26  Zergling x10  
Show
View Real Time Build Order
Export as new Build Order

DPGZest Protoss 

Build Orders: 1 Gate Expand, Mass Adepts 

Get SALT Encoding   

  12  0:00  Probe  
  13  0:12  Probe  
  14  0:19  Pylon  
  14  0:24  Probe  
  15  0:37  Probe (Chrono Boost)  
  15  0:40  Gateway  
  16  0:47  Probe (Chrono Boost)  
  16  0:49  Assimilator  
  17  0:52  Probe (Chrono Boost)  
  18  1:03  Probe  
  19  1:15  Probe  
  20  1:25  Nexus  
  20  1:36  Cybernetics Core  
  20  1:39  Probe  
  21  1:44  Assimilator  
  21  1:51  Probe  
  22  1:54  Pylon  
  22  2:03  Probe (Chrono Boost)  
  23  2:12  Adept  
  23  2:14  Probe (Chrono Boost)  
  26  2:17  Stargate  
  26  2:19  Probe (Chrono Boost)  
  27  2:25  Warp Gate  
  27  2:33  Probe (Chrono Boost)  
  28  2:37  Probe (Chrono Boost)  
  28  2:42  Adept  
  32  2:46  Probe (Chrono Boost)  
  32  2:47  Probe (Chrono Boost)  
  32  2:51  Void Ray (Chrono Boost)  
  33  2:52  Probe (Chrono Boost)  
  33  2:54  Probe  
  35  3:04  Probe  
  40  3:07  Probe  
  40  3:08  Pylon  
  41  3:13  Gateway  
  41  3:17  Probe  
  41  3:19  Probe  
  43  3:26  Twilight Council  
  43  3:29  Probe  
  43  3:31  Probe  
  45  3:38  Gateway  
  45  3:40  Gateway  
  45  3:42  Probe  
  45  3:44  Probe  
  47  3:55  Resonating Glaives (Chrono Boost)  
  47  3:57  Nexus  
  47  4:01  Pylon  
  47  4:12  Assimilator  
  47  4:13  Adept x2  
  47  4:16  Assimilator  
  51  4:19  Pylon  
  51  4:23  Probe x2  
  53  4:33  Adept  
  53  4:34  Adept x3  
  53  4:37  Pylon  
  61  4:40  Probe  
  61  4:41  Probe  
  63  4:55  Adept x3  
  63  4:56  Adept  
  71  5:02  Probe x2  
  71  5:03  Pylon  
  73  5:10  Probe  
  74  5:14  Probe  
  74  5:16  Probe  
  74  5:18  Adept x3  
  74  5:19  Adept  
  84  5:23  Probe  
  83  5:32  Probe  
  83  5:35  Probe x2  
  64  5:39  Adept x4  
  72  5:44  Shield Battery  
  72  5:47  Gateway  
  72  5:48  Gateway  
  73  5:56  Void Ray (Chrono Boost), Probe  
  73  6:00  Sentry x4  
  81  6:06  Probe x2  
  81  6:08  Probe  
  84  6:23  Adept x4  
  91  6:25  Void Ray (Chrono Boost)  
  85  6:44  Pylon  
  85  6:45  Pylon x2  
  85  6:46  Pylon  
  84  6:48  Pylon  
  84  6:49  Pylon  
  68  7:04  Adept x6  
  72  7:16  Probe x2  
  74  7:28  Probe  
  74  7:29  Nexus  
  75  7:30  Adept x5  
  75  7:34  Pylon  
  85  7:53  Adept x6  
  85  7:55  Shield Battery  
  93  8:20  Adept x2  
  93  8:21  Adept x4  
Tags
 
Add a new tag
Caveats
  • Supply blocks, unpowered buildings, or Contaminate may cause inaccurate times.
  • Supply counts are checked every 10 seconds.